 Dungeon Crawl Stone Soup version 0.29.1-15-g9cfb28693d (webtiles) character file.

Game seed: 1350915940103836600

1601 Mysteryquy the Slasher (level 8, -3/61 HPs)
             Began as a Demonspawn Fighter on May 1, 2023.
             Was a Priest of Makhleb.
             Asphyxiated
             ... on level 7 of the Dungeon.
             The game lasted 00:08:19 (6529 turns).

Mysteryquy the Slasher (Demonspawn Fighter)         Turns: 6529, Time: 00:08:19

Health: -3/61      AC: 14    Str: 19    XL:     8   Next: 62%
Magic:  8/8        EV:  8    Int:  9    God:    Makhleb [***...]
Gold:   399        SH:  5    Dex: 13    Spells: 7/7 levels left

rFire   . . .      SeeInvis .   E - +1 scimitar (vamp)
rCold   . . .      Faith    .   c - +0 buckler
rNeg    . . .      Spirit   .   x - +0 chain mail
rPois   .          Reflect  .   (helmet restricted)
rElec   .          Harm     .   o - +0 cloak
rCorr   .          Rampage  .   (no gloves)
Will    +....                   (no boots)
Stlth   ..........              A - amulet of regeneration
HPRegen 1.00/turn               y - ring of willpower
MPRegen 0.11/turn               (no ring)

@: lethally poisoned (-3 -> -15), slowed, very slow
A: horns 1, molten scales 2, ignite blood 1, demonic magic 1
a: Renounce Religion, Minor Destruction, Lesser Servant of Makhleb


You were on level 7 of the Dungeon.
You worshipped Makhleb.
Makhleb was most pleased with you.
You visited 1 branch of the dungeon, and saw 7 of its levels.
You also visited: Ossuary.

You collected 399 gold pieces.

Inventory:

Hand Weapons
 a - a +0 long sword
 E - a +1 vampiric scimitar (weapon)
Armour
 b - a +0 scale mail
 c - a +0 buckler (worn)
 o - a +0 cloak (worn)
 x - a +0 chain mail (worn)
Jewellery
 y - a ring of willpower (left hand)
 A - an amulet of regeneration (around neck)
 D - an amulet of reflection
Wands
 w - a wand of mindburst (23)
Scrolls
 e - 3 scrolls of blinking {unknown}
 f - 3 scrolls of magic mapping
 g - 2 scrolls of fear {unknown}
 i - a scroll of torment {unknown}
 k - 9 scrolls of identify
 m - 3 scrolls of teleportation
 q - a scroll of vulnerability
 r - 3 scrolls of enchant armour {unknown}
 u - 2 scrolls of immolation {unknown}
 v - 2 scrolls of poison
 F - a scroll of noise {unknown}
 G - a scroll of enchant weapon {unknown}
 H - a scroll of brand weapon {unknown}
Potions
 d - 2 potions of might
 h - a potion of heal wounds {unknown}
 j - a potion of flight {unknown}
 l - a potion of resistance {unknown}
 n - a potion of curing {unknown}
 p - 2 potions of attraction
 s - a potion of lignification {unknown}
 t - 2 potions of ambrosia {unknown}
 z - a potion of invisibility {unknown}
 B - 2 potions of brilliance {unknown}
 C - 2 potions of cancellation {unknown}


   Skills:
 + Level 4.8 Fighting
 + Level 7.0 Long Blades
 + Level 5.5 Armour
 + Level 2.2 Dodging
 + Level 0.7 Stealth
 + Level 4.2 Shields
 + Level 0.1 Evocations


You had 7 spell levels left.
You didn't know any spells.
Your spell library contained the following spells:

 Spells                   Type           Power      Damage    Failure   Level
 Poisonous Vapours        Pois/Air       0%         N/A       100%        2
 Static Discharge         Conj/Air       0%         3-3/arc   100%        2
 Sublimation of Blood     Necr           0%         N/A       100%        2
 Wereblood                Tmut           0%         N/A       100%        2
 Conjure Flame            Conj/Fire      0%         6-21      100%        3
 Ignite Poison            Fire/Tmut/Pois 0%         N/A       100%        3
 Corpse Rot               Necr/Pois/Air  0%         N/A       100%        4
 Dispel Undead            Necr           0%         3d6       100%        4
 Petrify                  Tmut/Erth      0%         N/A       100%        4
 Sticky Flame             Conj/Fire      0%         2d3       100%        4
 Irradiate                Conj/Tmut      0%         3d11      100%        5
 Summon Hydra             Summ           0%         N/A       100%        7


Dungeon Overview and Level Annotations

Branches:
Dungeon (7/15)            Ossuary (visited)
 Temple: D:4-7

Altars:
Dithmenos
Makhleb
Nemelex Xobeh
Yredelemnul

Shops:
D:4 :   D:7 !


Innate Abilities, Weirdness & Mutations

You have a pair of small horns on your head.
You are mostly covered in molten scales. (AC +3)
Your demonic aura sometimes causes spilled blood to erupt in flames.
Spells you cast may paralyse adjacent enemies.


Message History

You hit the kobold brigand.
The kobold brigand is moderately wounded.
The orc priest calls down the wrath of Beogh upon you.
Beogh smites you!
The kobold brigand hits you but does no damage.
You hear a shout! x2
You hit the kobold brigand.
You feel better.
The kobold brigand is moderately wounded.
The kobold brigand hits you but does no damage.
You closely miss the kobold brigand.
The kobold brigand is moderately wounded.
The kobold brigand barely misses you.
The kobold brigand throws a curare-tipped dart.
The curare-tipped dart hits you.
You are poisoned.
You have difficulty breathing.
You feel yourself slow down.
You feel very sick.
The kobold brigand throws a curare-tipped dart.
The curare-tipped dart hits you.
You are more poisoned.
You have difficulty breathing.
You feel as though you will be slow longer.
The kobold brigand throws a curare-tipped dart.
The curare-tipped dart hits you.
You are more poisoned.
You have difficulty breathing.
You feel as though you will be slow longer.
You feel extremely sick.
The kobold brigand throws a curare-tipped dart.
The curare-tipped dart barely misses you.
You feel extremely sick.
You feel very sick.
The orc priest calls down the wrath of Beogh upon you.
Beogh smites you!
* * * LOW HITPOINT WARNING * * *
The kobold brigand throws a curare-tipped dart.
The curare-tipped dart hits you.
You are more poisoned.
You have difficulty breathing.
You die...

#.#.#.###
#.####.#......
#......K...o#
#o# ##K##
###...#
#...#.....#
#.#...##..#
#@##.## .# #<#
.# .. #.# ∩. #
#.# ### ...
#.# #.# #.#
#.#


You could see a kobold brigand, an orc priest and a kobold.

Vanquished Creatures
  A water moccasin (D:5)
  An ice beast (D:6)
  An orc warrior (D:6)
  A black bear (D:6)
  A centaur (D:5)
  2 phantoms (D:6)
  2 necrophages
  2 scorpions
  2 centaur zombies (Ossuary)
  2 human zombies (Ossuary)
  4 orc priests
  2 hounds
  An iguana (D:5)
  4 orc wizards
  3 mummies (Ossuary)
  16 adders
  A shadow imp (D:5)
  An ufetubus (D:5)
  2 adder zombies (Ossuary)
  4 dart slugs
  26 orcs
  9 endoplasms
  2 giant cockroaches
  3 goblins
  6 hobgoblins
  2 jackals (D:2)
  7 kobolds
  3 quokkas
  4 ball pythons
  5 frilled lizards
  3 gnoll zombies (Ossuary)
  4 goblin zombies (Ossuary)
  3 hobgoblin zombies (Ossuary)
  6 jackal zombies (Ossuary)
  7 kobold zombies (Ossuary)
  4 orc zombies (Ossuary)
  2 quokka zombies (Ossuary)
  4 rats
  3 rat zombies (Ossuary)
156 creatures vanquished.

Notes
Turn   | Place    | Note
-------+----------+-------------------------------------------
     0 | D:1      | Mysteryquy the Demonspawn Fighter began the quest for the
                  | Orb.
     0 | D:1      | Reached XP level 1. HP: 18/18 MP: 1/1
   228 | D:1      | Found a faded altar of an unknown god.
   327 | D:1      | Gained mutation: You are partially covered in molten
                  | scales. (AC +2) [demonic ancestry]
   327 | D:1      | Reached XP level 2. HP: 21/24 MP: 2/2
   481 | D:1      | Reached skill level 2 in Long Blades
  1079 | D:2      | Gained mutation: You have a pair of small horns on your
                  | head. [demonic ancestry]
  1079 | D:2      | Reached XP level 3. HP: 16/29 MP: 3/3
  1823 | D:3      | Reached skill level 3 in Long Blades
  1823 | D:3      | Reached XP level 4. HP: 21/35 MP: 4/4
  2576 | D:3      | Found a shadowy altar of Dithmenos.
  2580 | D:3      | Found a burning altar of Makhleb.
  2581 | D:3      | Found a basalt altar of Yredelemnul.
  2584 | D:3      | Became a worshipper of Makhleb the Destroyer
  3014 | D:4      | Found a sand-covered staircase.
  3026 | Ossuary  | Entered an ossuary
  3113 | Ossuary  | Gained mutation: Your demonic aura sometimes causes spilled
                  | blood to erupt in flames. [demonic ancestry]
  3113 | Ossuary  | Reached XP level 5. HP: 18/41 MP: 5/5
  3317 | Ossuary  | Reached skill level 1 in Dodging
  3326 | Ossuary  | Reached skill level 4 in Long Blades
  3703 | Ossuary  | Reached * piety under Makhleb
  3737 | Ossuary  | Gained mutation: You are mostly covered in molten scales.
                  | (AC +3) [demonic ancestry]
  3737 | Ossuary  | Reached XP level 6. HP: 47/47 MP: 6/6
  4149 | D:4      | Found Giweriet's Book Emporium.
  4621 | D:4      | Reached ** piety under Makhleb
  4983 | D:5      | Entered Level 5 of the Dungeon
  5161 | D:5      | Noticed a water moccasin
  5173 | D:5      | Killed a water moccasin
  5174 | D:5      | Reached skill level 5 in Long Blades
  5174 | D:5      | Reached XP level 7. HP: 48/53 MP: 7/7
  5867 | D:6      | Reached skill level 5 in Armour
  5870 | D:6      | Gained mutation: Spells you cast may paralyse adjacent
                  | enemies. [demonic ancestry]
  5870 | D:6      | Reached XP level 8. HP: 59/60 MP: 8/8
  5931 | D:6      | Reached skill level 6 in Long Blades
  5963 | D:6      | Found a sparkling altar of Nemelex Xobeh.
  5994 | D:6      | Reached *** piety under Makhleb
  6156 | D:6      | Reached skill level 7 in Long Blades
  6516 | D:7      | Found Yridixemm's Distillery.
  6529 | D:7      | Asphyxiated

Illustrated notes

Levels and vault maps discovered:
D:1:      onia_arrival_mini_spirals, layout_loops_ring,
          shapermc_ecumenical_altar_gd
D:2:      layout_basic
D:3:      layout_loops_cross, minitemple
D:4:      layout_cave_pods, nicolae_ossuary_entry_monument, serial_shops, shop,
          serial_park_tiny_1
D:5:      layout_basic, elyvilon_altar_5
D:6:      layout_cave_pools, nicolae_overflow_hidden_temple
D:7:      minmay_evil_eye, layout_loops_ring, minmay_temple_entry_waves,
          serial_shops, shop, uniq_joseph

Skill      XL: |  1  2  3  4  5  6  7  8 |
---------------+-------------------------+-----
Long Blades    | 2 3 4 5 7 |  7.0
Armour         | 3 4 5 |  5.5
Shields        | 3 4 |  4.2
Dodging        | 1 2 |  2.2
Fighting       | 4 |  4.8
Stealth        | |  0.7
Evocations     | |  0.1

Action                   |  1- 3 |  4- 6 |  7- 9 || total
-------------------------+-------+-------+-------++-------
Melee: Long sword        |   111 |   315 |    14 ||   440
       Headbutt          |     4 |    69 |    28 ||   101
       Scimitar          |       |       |   174 ||   174
Evoke: Wand              |       |     2 |       ||     2
  Use: Scroll            |       |     4 |       ||     4
       Potion            |       |     1 |       ||     1
Armor: Scale mail        |    70 |   115 |       ||   185
       Chain mail        |       |    76 |   166 ||   242
Dodge: Dodged            |    54 |   121 |    71 ||   246
Block: Buckler           |    40 |    59 |    56 ||   155
